 Dungeon Crawl Stone Soup version 0.17-a0-2007-g96ac4c4 (webtiles) character file.

354 Mordenkainen the Skirmisher (level 6, -25/85 HPs)
             Began as a Minotaur Berserker on Oct 9, 2015.
             Was a Priest of Trog.
             Annihilated by an ogre
             ... wielding a +0 giant spiked club
              (29 damage)
             ... on level 4 of the Dungeon.
             The game lasted 00:08:39 (3350 turns).

Mordenkainen the Skirmisher (Minotaur Berserker)    Turns: 3350, Time: 00:08:39

Health: -25/85     AC:  2    Str: 28    XL:     6   Next: 35%
Magic:  5/5        EV: 13    Int:  4    God:    Trog [***...]
Gold:   151        SH:  0    Dex: 10    Spells: 0 memorised, 5 levels left

rFire  + . .     SeeInvis .     a - +1 hand axe
rCold  . . .     Clarity  .     b - +0 animal skin
rNeg   . . .     SustAt   .     (no shield)
rPois  .         Gourm    .     (helmet restricted)
rElec  .         Spirit   .     (no cloak)
rCorr  .         Warding  .     (no gloves)
rMut   +         Stasis   .     (no boots)
MR     .....                    o - amulet of resist mutation
Stlth  ..........               (no ring)
                                m - ring of protection from fire

@: berserking, very quick, not resistant to hostile enchantments, extremely
unstealthy
A: retaliatory headbutt, horns 2
a: Burn Spellbooks, Berserk, Trog's Hand, Renounce Religion


You were on level 4 of the Dungeon.
You worshipped Trog.
Trog was most pleased with you.
You were hungry.

You visited 1 branch of the dungeon, and saw 4 of its levels.
You also visited: Sewer.

You collected 151 gold pieces.

Inventory:

Hand Weapons
 a - a +1 hand axe (weapon)
Armour
 b - a +0 animal skin (worn)
Jewellery
 m - a ring of protection from fire (left hand)
 o - an amulet of resist mutation (around neck)
Scrolls
 h - a scroll of magic mapping
 j - 2 scrolls of recharging {unknown}
 p - a scroll of identify
 q - 2 scrolls of blinking
 t - a scroll of teleportation {unknown}
 v - a scroll of fog {unknown}
 w - a scroll of fear
Potions
 d - a potion of agility {unknown}
 e - a potion of brilliance {unknown}
 f - 3 potions of might {unknown}
 g - a potion of cancellation {unknown}
 k - 2 potions of curing
 l - a potion of invisibility {unknown}
 n - a potion of ambrosia {unknown}
 r - 3 potions of haste {unknown}
 s - a potion of cure mutation {unknown}
 u - a potion of magic {unknown}
 x - a potion of flight {unknown}
Comestibles
 c - 2 bread rations
 i - 4 chunks of flesh


   Skills:
 * Level 5.7 Fighting
 * Level 5.3 Axes
 * Level 4.2 Armour
 * Level 4.0 Dodging


You had 5 spell levels left.
You didn't know any spells.

Dungeon Overview and Level Annotations

Branches:
Dungeon (4/15)
 Temple: D:4-7

Altars:


Innate Abilities, Weirdness & Mutations

You reflexively headbutt those who attack you in melee.
You have a pair of horns on your head.


Message History

The ogre is moderately wounded.
You slash the ogre!
The ogre is heavily wounded.
The ogre hits you with a giant spiked club!!
* * * LOW HITPOINT WARNING * * *
Drink which item? (? for menu, Esc to quit)
Okay, then.
There is a stone staircase leading up here.
Use which ability?
A red film seems to cover your vision as you go berserk!
You feel yourself moving faster!
You feel mighty!
You feel somewhat more hungry.
The ogre hits you with a giant spiked club!
* * * LOW HITPOINT WARNING * * *
You hit the ogre. Your headbutt misses the ogre.
The ogre is severely wounded.
You hit the ogre.
The ogre is almost dead.
The ogre hits you with a giant spiked club!!
You die...

###..#.#.# #...# ##......
#......# #...# #....... #.##.###
#...#########.....# ###..#.##
#.........# #.....#
#....>..#######...#####.# ###.###
#.##.#..##..............####..###
#.##.#..........<...<......#...(.
#.##..#.##......O....#####.#..###
#.###.#.#######.@.##.# #.#..# *
#.###.#.# #......# #....# *
#.......# #...##.# #.#.####
#.###.### #...##.#####......#
.≈≈#..# #............#.#...
≈≈≈#### ########....##.#... ≈≈≈#
##.#.##..... ≈≈≈# #.#.####...
≈≈.# ********* #.#.####...


You could see an ogre.

Vanquished Creatures
  A scorpion (D:4)
  2 hounds
  A giant frog skeleton (D:3)
  2 worker ants
  3 adders
  2 river rats (D:4)
  3 oozes
  3 worms
  2 giant geckos (D:1)
  11 orcs
  3 giant cockroaches
  9 goblins
  6 hobgoblins
  8 kobolds
  3 ball pythons
  15 bats
  12 giant newts
  10 jackals
  10 rats
106 creatures vanquished.

Notes
Turn   | Place    | Note
--------------------------------------------------------------
     0 | D:1      | Mordenkainen the Minotaur Berserker began the quest for the Orb.
     0 | D:1      | Reached XP level 1. HP: 19/19 MP: 0/0
    26 | D:1      | Reached XP level 2. HP: 12/27 MP: 1/1
    31 | D:1      | Reached skill level 4 in Axes
   358 | D:1      | Reached XP level 3. HP: 6/33 MP: 2/2
   553 | D:1      | Acquired Trog's second power
  1295 | D:2      | Reached XP level 4. HP: 39/41 MP: 3/3
  1825 | D:3      | HP: 2/41 [hound (6)]
  2191 | D:3      | Reached XP level 5. HP: 38/47 MP: 4/4
  2304 | D:3      | Reached skill level 5 in Fighting
  2611 | D:3      | Reached skill level 5 in Axes
  2799 | D:4      | Found a glowing drain.
  2814 | Sewer    | Entered a sewer
  3179 | D:4      | Reached XP level 6. HP: 49/56 MP: 5/5
  3202 | D:4      | Acquired Trog's third power
  3324 | D:4      | Noticed an ogre
  3348 | D:4      | HP: 4/85 [ogre/giant spiked club (16)]
  3350 | D:4      | Annihilated by an ogre

Vault maps used:
D:1:      ncdulo_halloftheorcs, patterned_corridor
D:4:      first_bread, portal_sewer_entry_b
Sewer:    sewer_co_cracked_pipes

Action                   |  1- 3 |  4- 6 || total
-------------------------+-------+-------++-------
Melee: Hand axe          |   122 |   163 ||   285
Invok: Trog's Hand       |       |     2 ||     2
       Berserk           |       |     1 ||     1
  Use: Scroll            |     4 |     4 ||     8
 Stab: Sleeping          |     1 |     1 ||     2
  Eat: Chunk             |     1 |     7 ||     8
